 Dungeon Crawl Stone Soup version 0.24-a0-618-ge4662a2d14 (webtiles) character file.

Game seed: 11052210001464813536, levelgen mode: deterministic

561 MirrMurr the Covert (level 7, 0/32 HPs)
             Began as a Spriggan Enchanter on Sept 16, 2019.
             Was a Follower of Ashenzari.
             Splashed by Ijyb's acid (15 damage)
             ... on level 4 of the Dungeon.
             The game lasted 00:08:58 (3786 turns).

MirrMurr the Covert (Spriggan Enchanter)            Turns: 3786, Time: 00:08:59

Health: 0/32       AC: -1    Str:  6    XL:     7   Next: 9%
Magic:  11/13      EV: 18    Int: 16    God:    Ashenzari [*.....]
Gold:   157        SH:  0    Dex: 17    Spells: 4/13 levels left

rFire    . . .     SeeInvis +   a - +1 dagger
rCold    . . .     Gourm    .   (shield restricted)
rNeg     . . .     Faith    .   b - +1 robe
rPois    .         Spirit   .   (helmet restricted)
rElec    .         Reflect  .   (no cloak)
rCorr    .         Harm     .   (gloves unavailable)
MR       +....                  (boots unavailable)
Stlth    ++++......             (no amulet)
HPRegen  0.10/turn              (no ring)
MPRegen  0.13/turn              (no ring)

@: corroded, very quick
A: very small, unfitting armour, see invisible, herbivore, speed 3, slow
metabolism 2
a: Curse Item, Scrying, Renounce Religion


You were on level 4 of the Dungeon.
You worshipped Ashenzari.
Ashenzari was aware of your devotion.
You were not hungry.

You visited 1 branch of the dungeon, and saw 4 of its levels.

You collected 157 gold pieces.

Inventory:

Hand Weapons
 a - a +1 dagger (weapon)
Missiles
 f - 51 stones (quivered)
 i - 19 poisoned darts
 k - 35 sling bullets
Armour
 b - a +1 robe (worn)
Scrolls
 l - a scroll of amnesia {unknown}
 r - 7 scrolls of remove curse
Potions
 d - 3 potions of heal wounds {unknown}
 e - a potion of haste {unknown}
 g - a potion of berserk rage {unknown}
 h - a potion of lignification {unknown}
 j - 3 potions of resistance
 m - a potion of curing {unknown}
Comestibles
 c - 4 rations


   Skills:
 - Level 5.5 Short Blades
 - Level 3.0 Dodging
 - Level 8.2 Stealth
 + Level 3.5 Spellcasting
 * Level 4.9 Hexes


You had 4 spell levels left.
You knew the following spells:

 Your Spells              Type           Power        Failure   Level  Hunger
a - Ensorcelled Hibernat  Hex/Ice        ##....       10%         2    ##.....
b - Confuse               Hex            ###.....     7%          3    ###....
c - Tukima's Dance        Hex            ###.....     7%          3    ###....
C - Corona                Hex            ###....      2%          1    None

Your spell library contained the following spells:

 Spells                   Type           Power        Failure   Level  Hunger
 Dazzling Spray           Conj/Hex       ##....       19%         3    ###....


Dungeon Overview and Level Annotations

Branches:
Dungeon (4/15)
 Temple: D:4-7

Altars:
Ashenzari
Xom

Annotations:
D:4 Ijyb


Innate Abilities, Weirdness & Mutations

You are very small and have problems with some larger weapons.
You are too small for most types of armour.
You have supernaturally acute eyesight. (SInv)
You are a herbivore.
You cover ground extremely quickly.
You need to consume almost no food.


Message History

Edmund the Younger comes into view.
He is wielding a +2 flail of protection.
The helpless howler monkey fails to defend itself.
You spit the howler monkey like a pig!!!
You kill the howler monkey!
Your Spellcasting skill increases to level 3!
Your Hexes skill increases to level 4!
The helpless Edmund fails to defend himself.
You skewer Edmund like a kebab!!!
You kill Edmund!
You have reached level 7!
m - a coppery potion
Things that are here:
a +2 flail of protection; a +0 ring mail; the human corpse of Edmund Ijyb the Twisted Goblin comes into view.
She is carrying a wand of acid (4).
A hound comes into view.
Ijyb shouts!
Ijyb zaps a wand.
The bolt of acid hits you!
Ouch! That really hurt!
The acid corrodes you!
You are splashed with acid!
You die...

....# ..# .#..# #.#
.#..## .. .#.... #.
#########
.#.#############.....h.#
...#.#.#...#.#.#.....g.#
.#...#...#...#.........#
...#...#.#.#.^.#.......#
...#...#.#.#)..#@#
.#...#...#...#...#
..##.#.#..†#.#.###
...#############
..........# ##.....####
##########
..........###........#
....##..#............#
....###..............#


You could see Ijyb and a hound (wandering).

Vanquished Creatures
  Grinder (D:4)
  Edmund (D:4)
  An ogre (D:4)
  A howler monkey (D:4)
  An iguana (D:4)
  An orc wizard (D:3)
  2 adders
  4 worms
  A dart slug (D:3)
  A leopard gecko (D:1)
  4 orcs (D:3)
  4 giant cockroaches
  8 goblins
  4 hobgoblins
  A quokka (D:2)
  4 bats
  2 frilled lizards
  7 kobolds
  6 rats
54 creatures vanquished.

Notes
Turn   | Place    | Note
-------+----------+-------------------------------------------
     0 | D:1      | MirrMurr the Spriggan Enchanter began the quest for the
                  | Orb.
     0 | D:1      | Reached XP level 1. HP: 9/9 MP: 5/5
   322 | D:1      | Reached XP level 2. HP: 13/13 MP: 6/6
   326 | D:1      | Learned a level 2 spell: Ensorcelled Hibernation
   329 | D:1      | Reached skill level 5 in Stealth
  1204 | D:1      | Found a shadowy altar of Dithmenos.
  1206 | D:1      | Found a shimmering altar of Xom.
  1206 | D:1      | Found a sacrificial altar of Ru.
  1208 | D:1      | Found a stormy altar of Qazlal.
  1208 | D:1      | Found a shimmering altar of Xom.
  1208 | D:1      | Found a burning altar of Makhleb.
  1264 | D:2      | Found a shattered altar of Ashenzari.
  1278 | D:2      | Became a worshipper of Ashenzari the Shackled
  1593 | D:2      | Reached XP level 3. HP: 14/16 MP: 5/8
  1598 | D:2      | Learned a level 3 spell: Confuse
  2363 | D:3      | Reached skill level 6 in Stealth
  2617 | D:3      | Reached XP level 4. HP: 21/21 MP: 6/9
  3021 | D:3      | Reached * piety under Ashenzari
  3511 | D:4      | Noticed Grinder
  3519 | D:4      | Killed Grinder
  3519 | D:4      | Reached skill level 8 in Stealth
  3519 | D:4      | Reached XP level 5. HP: 24/24 MP: 3/10
  3519 | D:4      | Reached XP level 6. HP: 28/28 MP: 3/11
  3524 | D:4      | Learned a level 3 spell: Tukima's Dance
  3562 | D:4      | Reached skill level 5 in Short Blades
  3776 | D:4      | Noticed Edmund
  3780 | D:4      | Killed Edmund
  3780 | D:4      | Reached XP level 7. HP: 32/32 MP: 11/13
  3784 | D:4      | Noticed Ijyb
  3786 | D:4      | Splashed by Ijyb's acid

Levels and vault maps discovered:
D:1:      psy_arrival_basics, layout_rooms, chequers_garden, doesnt_xom_only_xom
D:2:      layout_loops_ring, evilmike_ruin_ashenzari
D:3:      layout_loops_corners
D:4:      layout_rooms, minmay_misc_feat_alley, uniq_ijyb, uniq_grinder,
          uniq_edmund

Skill      XL: |  1  2  3  4  5  6 |
---------------+-------------------+-----
Stealth        | 5 6 8 |  8.2
Short Blades   | 2 3 4 5 |  5.5
Spellcasting   | 3 |  3.5
Hexes          | 4 |  4.9
Dodging        | |  3.0

Action                   |  1- 3 |  4- 6 |  7- 9 || total
-------------------------+-------+-------+-------++-------
Melee: Dagger            |    89 |    52 |       ||   141
 Cast: Corona            |     3 |       |       ||     3
       Ensorcelled Hiber |    20 |    17 |       ||    37
       Confuse           |       |     1 |       ||     1
  Use: Scroll            |     3 |       |       ||     3
 Stab: Sleeping          |    21 |    14 |       ||    35
       Confused          |       |     1 |       ||     1
  Eat: Ration            |     1 |     1 |       ||     2
Armor: Robe              |     8 |     5 |       ||    13
Dodge: Dodged            |    50 |    26 |       ||    76

Table legend:
 A = Non-vault XP
 B = Vault XP
 C = Vault XP percentage of total XP
 D = Non-vault monster count
 E = Vault monster count
 F = Vault count percentage of total count
                 A         B        C        D         E       F
            +---------+---------+-------+---------+---------+-------
      Total |     373 |     429 |  53.5 |      52 |       2 |   3.7
            +---------+---------+-------+---------+---------+-------
        D:1 |      30 |       0 |   0.0 |      19 |       0 |   0.0
        D:2 |      46 |       0 |   0.0 |      15 |       0 |   0.0
        D:3 |      75 |       0 |   0.0 |      14 |       0 |   0.0
        D:4 |     222 |     429 |  65.9 |       4 |       2 |  33.3
            +---------+---------+-------+---------+---------+-------
